Map: Terrasses de Prion

Players

Worming - Winner!

  • Race: Zerg Zerg
  • League: Platinum

KreSuS

  • Race: Zerg Zerg
  • League: Platinum

VOD

Have the link to the VOD?

Description

Time

  • Played on: Nov. 12, 2015, 12:53 p.m.
  • Length: 6:50
Show
View Real Time Build Order
Export as new Build Order

Worming Zerg - Winner!

Build Orders: Hatch First 

Get SALT Encoding   

  12  0:00  Drone  
  13  0:14  Overlord  
  13  0:17  Drone  
  14  0:32  Drone x2  
  16  0:39  Drone  
  17  0:52  Hatchery  
  16  0:58  Drone  
  16  0:59  Drone  
  18  1:05  Extractor  
  17  1:14  Spawning Pool  
  17  1:16  Drone  
  17  1:20  Drone  
  18  1:30  Drone  
  19  1:41  Overlord  
  19  2:00  Queen  
  19  2:01  Zergling x2  
  22  2:02  Zergling x2  
  22  2:04  Queen  
  22  2:05  Zergling x2  
  22  2:07  Metabolic Boost  
  26  2:13  Drone  
  26  2:15  Drone  
  28  2:26  Drone  
  29  2:34  Drone  
  30  2:43  Roach Warren  
  29  2:48  Drone x2  
  29  2:49  Extractor  
  30  3:00  Hatchery  
  30  3:01  Overlord  
  29  3:14  Drone x3  
  32  3:23  Roach x3  
  37  3:30  Roach x2  
  40  3:59  Lair  
  39  4:06  Drone x4  
  39  4:07  Drone  
  44  4:10  Overlord  
  44  4:12  Overlord  
  44  4:22  Evolution Chamber  
  43  4:27  Drone  
  43  4:29  Drone x4  
  48  4:32  Hatchery  
  48  4:37  Roach x2  
  48  4:38  Roach x2  
  55  4:48  Zerg Missile Weapons Level 1  
  55  4:54  Overlord x2  
  55  4:55  Overlord  
  55  4:56  Glial Reconstitution  
  55  4:59  Roach  
  57  5:02  Roach  
  59  5:16  Roach x4  
  67  5:37  Roach  
  67  5:38  Roach x3  
  75  5:47  Roach  
  75  5:48  Roach  
  75  5:49  Overlord  
  79  5:51  Roach  
  81  5:58  Overseer  
  81  6:04  Zergling x2  
  81  6:05  Zergling x10  
  85  6:24  Extractor  
Show
View Real Time Build Order
Export as new Build Order

KreSuS Zerg 

Build Orders: Pool First 

Get SALT Encoding   

  12  0:00  Drone  
  13  0:13  Overlord  
  13  0:17  Drone  
  14  0:32  Drone x2  
  16  0:35  Drone  
  17  0:44  Spawning Pool  
  17  0:48  Drone  
  17  0:55  Extractor  
  16  0:58  Drone  
  17  1:17  Hatchery  
  17  1:18  Drone  
  17  1:22  Drone  
  18  1:29  Drone  
  19  1:40  Overlord  
  19  1:44  Queen  
  21  1:52  Zergling x2  
  22  1:57  Metabolic Boost  
  22  2:03  Zergling x2  
  23  2:13  Drone  
  24  2:22  Queen  
  24  2:29  Queen  
  28  2:30  Zergling x2  
  28  2:35  Spine Crawler  
  28  2:39  Baneling Nest  
  28  2:43  Zergling x4  
  29  2:54  Zergling x6  
  29  2:57  Drone  
  33  3:08  Overlord  
  33  3:09  Drone  
  33  3:12  Drone  
  35  3:18  Drone  
  36  3:28  Baneling x2  
  36  3:30  Drone x3  
  39  3:35  Drone  
  40  3:42  Zergling x2, Roach Warren  
  38  3:50  Drone x3  
  39  4:02  Lair  
  39  4:06  Extractor  
  39  4:08  Evolution Chamber  
  39  4:09  Evolution Chamber  
  36  4:10  Drone x2  
  38  4:18  Drone, Overlord  
  38  4:23  Drone x2  
  41  4:31  Drone x3  
  43  4:36  Overlord  
  44  4:43  Zerg Missile Weapons Level 1  
  44  4:50  Overlord  
  44  5:04  Glial Reconstitution  
  44  5:07  Roach x6  
  46  5:13  Roach  
  56  5:30  Drone x3  
  56  5:33  Hatchery  
  57  5:36  Drone x2  
  57  5:38  Overlord  
  59  5:46  Drone  
  59  5:47  Drone  
  61  5:51  Roach  
  61  5:57  Baneling x2  
  63  6:00  Roach x2  
  64  6:15  Roach x2  
  64  6:16  Roach x3  
  64  6:17  Overlord  
  71  6:31  Drone  
  71  6:32  Drone x4  
Tags
 
Add a new tag
Caveats
  • Supply blocks, unpowered buildings, or Contaminate may cause inaccurate times.
  • Supply counts are checked every 10 seconds.